SKY
SAN DIEGO PADRES @ ARIZONA DIAMONDBACKS
09/27/2052
 
TOP OF THE 1ST
San Diego Padres batting - Pitching for Arizona Diamondbacks : RHP A.J. Evans
Pitching: RHP A.J. Evans
Batting: LHB Burl Shearer 0-0: Swinging Strike
0-1: Hit by Pitch
Batting: RHB Des Galindo 0-0: Swinging Strike
0-1: Ball
Burl Shearer steals 2nd base
1-1: Foul Ball, location: 25F
1-2: Foul Ball, location: 3SF
1-2: Ball
2-2: Strikes out swinging
Batting: LHB Lester Flores 0-0: Ball
1-0: Ball
Burl Shearer steals 3rd base (no throw)
2-0: Foul Ball, location: 5F
2-1: SINGLE (Line Drive, 78M, EV 90.0 MPH)
Burl Shearer scores
Batting: RHB Crow Trottier 0-0: Ball
1-0: Swinging Strike
1-1: Ball
2-1: Ball
3-1: Foul Ball, location: 3FF
3-2: Base on Balls
Lester Flores to second
Batting: SHB Dexter Greer 0-0: Ball
1-0: Foul Ball, location: 5DF
1-1: SINGLE (Groundball, 34D, EV 105.0 MPH)
Lester Flores to third
Crow Trottier to second
Batting: RHB Trinidad Apodaca 0-0: Called Strike
0-1: Ball
1-1: Fly out, F8 (Line Drive, 78D, EV 92.5 MPH)
Runner from 3rd tags up, SCORES, throw by CF
Crow Trottier to third
Batting: RHB Silvio Sevilla 0-0: Foul Ball, location: 2F
0-1: Foul Ball, location: 25FF
0-2: Foul Ball, location: 2F
0-2: Ball
1-2: Ground out 4-3 (Groundball, 4, EV 101.3 MPH)
Top of the 1st over - 2 runs, 2 hits, 0 errors, 2 left on base; San Diego 2 - Arizona 0
BOTTOM OF THE 1ST
Arizona Diamondbacks batting - Pitching for San Diego Padres : RHP Ethan Lyon
Pitching: RHP Ethan Lyon
Batting: RHB Gaius Raton 0-0: Ball
1-0: Called Strike
1-1: Fly out, F3 (Popup, 3SF, EV 81.9 MPH)
Batting: LHB Wil Solís 0-0: Called Strike
0-1: Ball
1-1: Ball
2-1: Ball
3-1: SINGLE (Groundball, 13, EV 64.4 MPH) (infield hit)
Batting: LHB Glenn Pichardo 0-0: Ball
1-0: Foul Ball, location: 2F
1-1: SINGLE (Line Drive, 9LS, EV 97.5 MPH)
Wil Solís to second
Batting: LHB P.T. Bailey 0-0: Called Strike
0-1: Fielders Choice at 2nd, 3-6 (Groundball, 13, EV 84.4 MPH)
Wil Solís to third
Batting: RHB Elijah Vanderpool 0-0: Ball
Wild Pitch!
Wil Solís scores
P.T. Bailey to second
1-0: Fly out, F8 (Flyball, 8RM, EV 88.8 MPH)
Bottom of the 1st over - 1 run, 2 hits, 0 errors, 1 left on base; San Diego 2 - Arizona 1
TOP OF THE 2ND
San Diego Padres batting - Pitching for Arizona Diamondbacks : RHP A.J. Evans
Batting: LHB Flávio Chacon 0-0: Ball
1-0: Called Strike
1-1: Swinging Strike
1-2: Ball
2-2: Strikes out swinging
Batting: RHB Rudy Hughes 0-0: Ground out 5-3 (Groundball, 56S, EV 81.9 MPH)
Batting: LHB Burl Shearer 0-0: Called Strike
0-1: Swinging Strike
0-2: Foul Ball, location: 25F
0-2: Ball
1-2: Fly out, F4 (Popup, 4MD, EV 48.1 MPH)
Top of the 2nd over - 0 runs, 0 hits, 0 errors, 0 left on base; San Diego 2 - Arizona 1
BOTTOM OF THE 2ND
Arizona Diamondbacks batting - Pitching for San Diego Padres : RHP Ethan Lyon
Batting: LHB Peter Conrad 0-0: Ball
1-0: SINGLE (Line Drive, 5D, EV 97.5 MPH)
Batting: RHB Josef Horne 0-0: Sac Bunt to 5S - play at first, batter OUT! 5-3
Peter Conrad to second
Batting: RHB Tadd Bateman 0-0: Ball
1-0: Ball
2-0: Ball
3-0: Called Strike
3-1: Base on Balls
Batting: RHB Myron Gapusan 0-0: Fielders Choice at 2nd, 3-6 (Groundball, 3, EV 101.9 MPH)
Peter Conrad to third
Batting: RHB Gaius Raton 0-0: Called Strike
0-1: Ball
1-1: Foul Ball, location: 23FF
1-2: Ball
2-2: Ball
3-2: Fly out, F7 (Flyball, 7D, EV 90.6 MPH)
Bottom of the 2nd over - 0 runs, 1 hit, 0 errors, 2 left on base; San Diego 2 - Arizona 1
TOP OF THE 3RD
San Diego Padres batting - Pitching for Arizona Diamondbacks : RHP A.J. Evans
Batting: RHB Des Galindo 0-0: Called Strike
0-1: Ball
1-1: Foul Ball, location: 9LMF
1-2: Ball
2-2: Strikes out looking
Batting: LHB Lester Flores 0-0: Ball
1-0: Foul Ball, location: 2LF
1-1: Called Strike
1-2: Strikes out swinging
Batting: RHB Crow Trottier 0-0: Called Strike
0-1: SINGLE (Line Drive, 9S, EV 98.8 MPH)
Batting: SHB Dexter Greer 0-0: Called Strike
Crow Trottier is caught stealing 2nd base 2-6
Top of the 3rd over - 0 runs, 1 hit, 0 errors, 0 left on base; San Diego 2 - Arizona 1
BOTTOM OF THE 3RD
Arizona Diamondbacks batting - Pitching for San Diego Padres : RHP Ethan Lyon
Batting: LHB Wil Solís 0-0: Ball
1-0: Called Strike
1-1: Swinging Strike
1-2: Fly out, F7 (Flyball, 7D, EV 105.0 MPH)
Batting: LHB Glenn Pichardo 0-0: Ball
1-0: Swinging Strike
1-1: Foul Ball, location: 7LDF
1-2: Strikes out swinging
Batting: LHB P.T. Bailey 0-0: Ball
1-0: SINGLE (Popup, 13, EV 85.6 MPH)
Batting: RHB Elijah Vanderpool 0-0: Swinging Strike
0-1: Ball
1-1: Ball
2-1: Foul Ball, location: 5F
2-2: Ball
3-2: Fly out, F4 (Popup, 34D, EV 64.4 MPH)
Bottom of the 3rd over - 0 runs, 1 hit, 0 errors, 1 left on base; San Diego 2 - Arizona 1
TOP OF THE 4TH
San Diego Padres batting - Pitching for Arizona Diamondbacks : RHP A.J. Evans
Batting: SHB Dexter Greer 0-0: TRIPLE (Flyball, 89XD, EV 95.6 MPH)
Batting: RHB Trinidad Apodaca 0-0: Ball
1-0: Ball
2-0: Ball
3-0: Called Strike
3-1: Fly out, F9 (Line Drive, 9D, EV 90.6 MPH)
Runner from 3rd tags up, SCORES, no throw by RF
Batting: RHB Silvio Sevilla 0-0: Called Strike
0-1: Ball
1-1: Called Strike
1-2: Strikes out swinging
Batting: LHB Flávio Chacon 0-0: Ball
1-0: Fly out, F1 (Line Drive, P, EV 70.0 MPH)
Top of the 4th over - 1 run, 1 hit, 0 errors, 0 left on base; San Diego 3 - Arizona 1
BOTTOM OF THE 4TH
Arizona Diamondbacks batting - Pitching for San Diego Padres : RHP Ethan Lyon
Batting: LHB Peter Conrad 0-0: Foul Ball, location: 2F
0-1: Called Strike
0-2: Hit by Pitch
Batting: RHB Josef Horne 0-0: Ball
1-0: Ball
2-0: Called Strike
2-1: Ball
3-1: Foul Ball, location: 2F
3-2: Ground out 5-3 (Groundball, 56, EV 95.6 MPH)
Peter Conrad to second
Batting: RHB Tadd Bateman 0-0: Ball
1-0: Ball
2-0: Fly out, F7 (Flyball, 7LS, EV 93.1 MPH)
Batting: RHB Myron Gapusan 0-0: Ball
1-0: Foul Ball, location: 2F
1-1: Foul Ball, location: 2F
1-2: Foul Ball, location: 2F
1-2: Strikes out swinging
Bottom of the 4th over - 0 runs, 0 hits, 0 errors, 1 left on base; San Diego 3 - Arizona 1
TOP OF THE 5TH
San Diego Padres batting - Pitching for Arizona Diamondbacks : RHP A.J. Evans
Batting: RHB Rudy Hughes 0-0: Ball
1-0: Ball
2-0: SINGLE (Groundball, 4MD, EV 100.0 MPH)
Batting: LHB Burl Shearer 0-0: Ball
1-0: Swinging Strike
1-1: Swinging Strike
1-2: Fly out, F8 (Line Drive, 89M, EV 99.4 MPH)
Batting: RHB Des Galindo 0-0: Foul Ball, location: 2F
0-1: Grounds into double play, 4-6-3 (Groundball, 4S, EV 82.5 MPH)
Top of the 5th over - 0 runs, 1 hit, 0 errors, 0 left on base; San Diego 3 - Arizona 1
BOTTOM OF THE 5TH
Arizona Diamondbacks batting - Pitching for San Diego Padres : RHP Ethan Lyon
Batting: RHB Gaius Raton 0-0: Ball
1-0: Called Strike
1-1: Foul Ball, location: 2F
1-2: Ground out 6-3 (Groundball, 6, EV 83.1 MPH)
Batting: LHB Wil Solís 0-0: Bunt missed!
0-1: Called Strike
0-2: Ball
1-2: Strikes out swinging
Batting: LHB Glenn Pichardo 0-0: Foul Ball, location: 7LMF
0-1: Ball
1-1: Swinging Strike
1-2: Ball
2-2: Ground out 4-3 (Groundball, 4, EV 87.5 MPH)
Bottom of the 5th over - 0 runs, 0 hits, 0 errors, 0 left on base; San Diego 3 - Arizona 1
TOP OF THE 6TH
San Diego Padres batting - Pitching for Arizona Diamondbacks : RHP A.J. Evans
Batting: LHB Lester Flores 0-0: Swinging Strike
0-1: Called Strike
0-2: Strikes out looking
Batting: RHB Crow Trottier 0-0: Called Strike
0-1: Called Strike
0-2: Foul Ball, location: 3FF
0-2: Ball
1-2: Foul Ball, location: 2F
1-2: Strikes out swinging
Batting: SHB Dexter Greer 0-0: Called Strike
0-1: Ball
1-1: Foul Ball, location: 7LDF
1-2: Ball
2-2: Strikes out swinging
Top of the 6th over - 0 runs, 0 hits, 0 errors, 0 left on base; San Diego 3 - Arizona 1
BOTTOM OF THE 6TH
Arizona Diamondbacks batting - Pitching for San Diego Padres : RHP Ethan Lyon
Batting: LHB P.T. Bailey 0-0: Ball
1-0: Swinging Strike
1-1: Foul Ball, location: 25F
1-2: Foul Ball, location: 9LDF
1-2: Foul Ball, location: 3FF
1-2: Ball
2-2: Ball
3-2: Base on Balls
Batting: RHB Elijah Vanderpool 0-0: Fly out, F8 (Flyball, 8RS, EV 91.3 MPH)
Batting: LHB Peter Conrad 0-0: Called Strike
0-1: Swinging Strike
0-2: Foul Ball, location: 2F
0-2: Ball
1-2: Ball
2-2: Foul Ball, location: 2F
2-2: Foul Ball, location: 25FF
2-2: Strikes out swinging
Batting: RHB Josef Horne 0-0: Ball
1-0: Called Strike
1-1: Swinging Strike
1-2: Ball
2-2: DOUBLE (Line Drive, 5D, EV 106.3 MPH)
P.T. Bailey to third
Batting: RHB Tadd Bateman 0-0: Swinging Strike
0-1: SINGLE (Flyball, 3D, EV 87.5 MPH)
P.T. Bailey scores
Josef Horne to third
Runner from 3rd tries for Home, SAFE, throw by RF to home
Batting: RHB Myron Gapusan 0-0: Called Strike
0-1: Ball
1-1: Ball
2-1: Foul Ball, location: 2F
2-2: Foul Ball, location: 25F
2-2: Foul Ball, location: 2F
2-2: Fly out, F3 (Popup, 3SF, EV 85.0 MPH)
Bottom of the 6th over - 2 runs, 2 hits, 0 errors, 1 left on base; San Diego 3 - Arizona 3
TOP OF THE 7TH
San Diego Padres batting - Pitching for Arizona Diamondbacks : RHP A.J. Evans
Pitching: RHP Rod Vogt
Batting: RHB Trinidad Apodaca 0-0: Ball
1-0: Swinging Strike
1-1: Ball
2-1: Ball
3-1: Fly out, F7 (Flyball, 7LS, EV 95.6 MPH)
Batting: RHB Silvio Sevilla 0-0: Ball
1-0: Foul Ball, location: 2F
1-1: Ball
2-1: Foul Ball, location: 3DF
2-2: Strikes out looking
Batting: LHB Flávio Chacon 0-0: Called Strike
0-1: Swinging Strike
0-2: Strikes out swinging
Top of the 7th over - 0 runs, 0 hits, 0 errors, 0 left on base; San Diego 3 - Arizona 3
BOTTOM OF THE 7TH
Arizona Diamondbacks batting - Pitching for San Diego Padres : RHP Ethan Lyon
Pitching: RHP Ivan Wolverton
Batting: RHB Gaius Raton 0-0: Ball
1-0: Called Strike
1-1: Ball
2-1: Foul Ball, location: 2F
2-2: Fly out, F9 (Line Drive, 9S, EV 107.5 MPH)
Batting: LHB Wil Solís 0-0: Called Strike
0-1: Ball
1-1: Ball
2-1: SINGLE (Groundball, 6MD, EV 93.8 MPH)
Batting: LHB Glenn Pichardo 0-0: Ball
1-0: Ball
2-0: DOUBLE (Line Drive, 9LM, EV 97.5 MPH)
Wil Solís to third
Runner from 3rd tries for Home, SAFE, no throw by RF
Batting: LHB P.T. Bailey 0-0: Intentional Walk
Batting: RHB Elijah Vanderpool 0-0: Swinging Strike
0-1: Swinging Strike
0-2: Ball
1-2: DOUBLE (Line Drive, 7LS, EV 96.9 MPH)
Glenn Pichardo scores
P.T. Bailey to third
Runner from 3rd tries for Home, SAFE, throw by LF to trailing runner, OUT at third! 7-3-5
Batting: LHB Peter Conrad 0-0: Ball
1-0: Ground out 6-3 (Groundball, 6, EV 94.4 MPH)
Bottom of the 7th over - 3 runs, 3 hits, 0 errors, 0 left on base; San Diego 3 - Arizona 6
TOP OF THE 8TH
San Diego Padres batting - Pitching for Arizona Diamondbacks : RHP Rod Vogt
Batting: RHB Rudy Hughes 0-0: Called Strike
0-1: Ball
1-1: Called Strike
1-2: Ball
2-2: Ball
3-2: Strikes out swinging
Batting: LHB Burl Shearer 0-0: Ball
1-0: Swinging Strike
1-1: Ground out U3 (Groundball, 3S, EV 69.4 MPH)
Batting: RHB Des Galindo 0-0: Called Strike
0-1: Swinging Strike
0-2: Ball
1-2: Foul Ball, location: 23F
1-2: Strikes out swinging
Top of the 8th over - 0 runs, 0 hits, 0 errors, 0 left on base; San Diego 3 - Arizona 6
BOTTOM OF THE 8TH
Arizona Diamondbacks batting - Pitching for San Diego Padres : RHP Ivan Wolverton
Pitching: RHP Alexander Magnússon
Batting: RHB Josef Horne 0-0: Ball
1-0: Foul Ball, location: 25FF
1-1: Ball
2-1: Reached via error on a dropped throw from 3B, E3 (Groundball, 15, EV 76.3 MPH)
Batting: RHB Tadd Bateman 0-0: Swinging Strike
0-1: Called Strike
0-2: Ball
1-2: Ball
2-2: DOUBLE (Line Drive, 9LM, EV 106.3 MPH)
Josef Horne to third
Batting: RHB Myron Gapusan 0-0: Called Strike
0-1: Ball
1-1: Ball
2-1: Ball
3-1: Foul Ball, location: 3FF
3-2: Strikes out looking
Batting: RHB Gaius Raton 0-0: Fly out, F7 (Flyball, 7D, EV 98.8 MPH)
Runner from 3rd tags up, SCORES, throw by LF
Tadd Bateman to third
Batting: LHB Wil Solís 0-0: Called Strike
0-1: Called Strike
0-2: Ground out 4-3 (Groundball, 4, EV 104.4 MPH)
Bottom of the 8th over - 1 run, 1 hit, 1 error, 1 left on base; San Diego 3 - Arizona 7
TOP OF THE 9TH
San Diego Padres batting - Pitching for Arizona Diamondbacks : RHP Rod Vogt
Batting: LHB Lester Flores 0-0: Foul Ball, location: 2F
0-1: Ball
1-1: Foul Ball, location: 2F
1-2: Fly out, F8 (Flyball, 8LD, EV 92.5 MPH)
Batting: RHB Crow Trottier 0-0: Ground out 5-3 (Groundball, 5S, EV 71.3 MPH)
Batting: SHB Dexter Greer 0-0: Foul Ball, location: 7LDF
0-1: Called Strike
0-2: Foul Ball, location: 9LDF
0-2: Ball
1-2: Strikes out swinging
Top of the 9th over - 0 runs, 0 hits, 0 errors, 0 left on base; San Diego 3 - Arizona 7
Thursday, May 9th , 2024 - OOTP Baseball 24.11 Build 85